 Dungeon Crawl Stone Soup version 0.21.1-1-g345015fe64 (webtiles) character file.

165 Yolvan the Magician (level 5, -4/28 HPs)
             Began as a Deep Elf Wizard on Mar 30, 2018.
             Slain by a gnoll
             ... wielding a +0 flail
              (5 damage)
             ... on level 3 of the Dungeon.
             The game lasted 00:36:15 (2593 turns).

Yolvan the Magician (Deep Elf Wizard)               Turns: 2593, Time: 00:36:15

Health: -4/28      AC:  3    Str:  4    XL:     5   Next: 22%
Magic:  8/16       EV: 13    Int: 24    God:
Gold:   138        SH:  0    Dex: 13    Spells: 4/17 levels left

rFire    . . .     SeeInvis .   z - +4 whip
rCold    . . .     Gourm    .   (no shield)
rNeg     . . .     Faith    .   l - +0 robe
rPois    .         Spirit   .   b - +0 hat
rElec    .         Reflect  .   (no cloak)
rCorr    .         Harm     .   (no gloves)
MR       .....                  C - +0 pair of boots
Stlth    ++........             (no amulet)
HPRegen  0.09/turn              (no ring)
MPRegen  0.15/turn              (no ring)

@: no status effects
A: no striking features
a: no special abilities


You were on level 3 of the Dungeon.
You were not hungry.

You visited 1 branch of the dungeon, and saw 3 of its levels.

You collected 138 gold pieces.

Inventory:

Hand Weapons
 f - a cursed -3 dagger
 i - a +0 short sword
 j - a +0 short sword
 m - a +0 club
 o - a +0 spear
 p - a +0 club
 q - a +0 club
 r - a +0 dagger
 v - a +0 short sword
 w - a +0 club
 x - a +0 dagger
 z - a +4 whip (weapon)
 A - a cursed -1 short sword
 D - a +0 trident
 F - a +0 short sword
 G - a +0 club
 H - a +0 club
 K - a +0 dagger
 M - a +0 spear
 N - a +0 hand axe
 P - a +0 club
 R - a +0 club
 Y - a +0 flail
Missiles
 h - 94 stones (quivered)
 k - 4 curare-tipped needles
 y - 43 bolts
 O - 21 sling bullets
Armour
 a - a +0 robe
 b - a +0 hat (worn)
 e - a +0 robe
 l - a +0 robe (worn)
 s - a +0 leather armour
 u - a +0 leather armour
 C - a +0 pair of boots (worn)
 E - a +0 buckler
 L - a +0 robe
 Q - a +0 ring mail
 S - a +0 leather armour
 T - a +0 leather armour
 X - a +0 leather armour
Wands
 J - a wand of clouds (6)
 U - a wand of flame (19)
Scrolls
 n - a scroll of remove curse
 I - 2 scrolls of random uselessness {unknown}
 W - 2 scrolls of identify
 Z - a scroll of teleportation {unknown}
Potions
 g - a potion of agility {unknown}
 t - 2 potions of haste {unknown}
 B - a potion of might {unknown}
Books
 c - a book of Minor Magic

   Spells                             Type                      Level
   a - Magic Dart                     Conjuration                  1
   b - Blink                          Translocation                2
   c - Call Imp                       Summoning                    2
   d - Slow                           Hexes                        2
   e - Conjure Flame                  Conjuration/Fire             3
   f - Mephitic Cloud                 Conjuration/Poison/Air       3
Comestibles
 d - a ration
 V - 3 chunks of flesh


   Skills:
 + Level 2.8 Dodging
 + Level 3.0 Stealth
 + Level 6.6 Spellcasting
 + Level 2.8 Conjurations
 + Level 1.8 Summonings
 + Level 1.1 Translocations


You had 4 spell levels left.
You knew the following spells:

 Your Spells              Type           Power        Failure   Level  Hunger
a - Magic Dart            Conj           ###.         2%          1    None
b - Blink                 Tloc           N/A          7%          2    None
c - Call Imp              Summ           ###.....     5%          2    None
d - Slow                  Hex            #.......     12%         2    None
e - Conjure Flame         Conj/Fire      ##......     13%         3    None
f - Mephitic Cloud        Conj/Pois/Air  ##......     16%         3    None


Dungeon Overview and Level Annotations

Branches:
Dungeon (3/15)

Altars:
Vehumet


Message History

The gnoll shouts!
The gnoll completely misses you. The gnoll closely misses you.
Casting: Magic Dart
Confirm with . or Enter, or press ? or * to list all spells.
Aiming: Magic Dart
Press: ? - help, Shift-Dir - straight line, f/p - gnoll
Aim: a gnoll, wielding a club (almost dead)
The magic dart hits the gnoll.
You kill the gnoll!
The gnoll hits you from afar with a halberd!
* * * LOW HITPOINT WARNING * * *
Casting: Magic Dart
Confirm with . or Enter, or press ? or * to list all spells.
Aiming: Magic Dart
Press: ? - help, Shift-Dir - straight line, f - gnoll
Aim: a gnoll, wielding a flail The magic dart hits the gnoll.
The gnoll is heavily wounded.
The gnoll hits you with a flail.
You die...

#+###≈ #### #.≈≈ .... #.≈≈ ....O
#.≈≈ g..g. #.≈≈ .gg. #.≈≈ ##gg##
####### #.≈≈ #.ggg#######..#..#
#.≈≈ +..g§g@....+..#5.# #.≈≈
#..gg#######..#..#+###≈
###########''''#############...#≈
.......................)...#)gg#≈
≈≈≈≈≈≈≈≈≈≈≈....≈≈≈≈≈≈≈≈≈≈≈≈#####≈
≈≈≈≈≈≈≈≈≈≈≈....≈≈≈≈≈≈≈≈≈≈≈≈≈≈≈≈≈≈
≈≈≈≈≈≈≈≈≈≈≈....≈≈≈≈≈≈≈≈≈≈≈≈≈≈≈≈≈≈
†.÷..............................
.................................


You could see 12 gnolls.

Vanquished Creatures
  An iguana (D:2)
  2 gnolls (D:3)
  An adder (D:3)
  A dart slug (D:1)
  A leopard gecko (D:2)
  3 orcs (D:3)
  A ball python (D:3)
  3 giant cockroaches
  7 goblins
  5 hobgoblins
  9 jackals (D:3)
  A quokka (D:3)
  6 bats
  4 frilled lizards (D:1)
  6 kobolds
  4 rats
  A plant (D:3)
56 creatures vanquished.

Vanquished Creatures (collateral kills)
  4 adders
  A gnoll (D:3)
  3 worms
  A leopard gecko (D:3)
  An orc (D:3)
  A ball python (D:2)
  A bat (D:2)
  A hobgoblin (D:3)
  8 jackals
  A frilled lizard (D:2)
  2 rats (D:2)
24 creatures vanquished.

Grand Total: 80 creatures vanquished

Notes
Turn   | Place    | Note
-------+----------+-------------------------------------------
     0 | D:1      | Yolvan the Deep Elf Wizard began the quest for the Orb.
     0 | D:1      | Reached XP level 1. HP: 10/10 MP: 7/7
   302 | D:1      | Reached XP level 2. HP: 15/15 MP: 7/9
   430 | D:1      | Learned a level 2 spell: Blink
   433 | D:1      | Learned a level 2 spell: Call Imp
   436 | D:1      | Learned a level 2 spell: Slow
   774 | D:1      | Reached skill level 5 in Spellcasting
  1050 | D:2      | Reached XP level 3. HP: 13/19 MP: 2/12
  1069 | D:2      | Learned a level 3 spell: Conjure Flame
  1073 | D:2      | Learned a level 3 spell: Mephitic Cloud
  1368 | D:2      | Reached XP level 4. HP: 24/24 MP: 4/13
  1373 | D:2      | Found a radiant altar of Vehumet.
  1584 | D:2      | Reached skill level 6 in Spellcasting
  2316 | D:3      | Reached XP level 5. HP: 4/28 MP: 9/16
  2584 | D:3      | Noticed an ogre
  2592 | D:3      | HP: 1/28 [gnoll/halberd (8)]
  2593 | D:3      | Slain by a gnoll

Skill      XL: |  1  2  3  4 |
---------------+-------------+-----
Spellcasting   | 5 6 |  6.6
Stealth        | 3 |  3.0
Conjurations   | 2 |  2.8
Dodging        | |  2.8
Summonings     | |  1.8
Translocations | |  1.1

Action                   |  1- 3 |  4- 6 || total
-------------------------+-------+-------++-------
Melee: Spear             |     3 |     2 ||     5
       Whip              |       |    68 ||    68
 Cast: Magic Dart        |    72 |    60 ||   132
       Call Imp          |     7 |    21 ||    28
       Mephitic Cloud    |     3 |     2 ||     5
       Conjure Flame     |       |     1 ||     1
  Use: Scroll            |       |     4 ||     4
  Eat: Chunk             |     1 |     1 ||     2
       Ration            |       |     1 ||     1
Armor: Robe              |     2 |    24 ||    26
Dodge: Dodged            |    23 |    80 ||   103
